 Dungeon Crawl Stone Soup version 0.29.1-2-gbd0b4ee654 (webtiles) character file.

Game seed: 13882627177416943083

49 zeram the Sneak (level 3, -1/18 HPs)
             Began as a Spriggan Brigand on Nov 10, 2022.
             Killed by nerve-wracking pain
             ... invoked by Jessica
              (4 damage)
             ... on level 2 of the Dungeon.
             The game lasted 00:02:00 (1496 turns).

zeram the Sneak (Spriggan Brigand)                  Turns: 1496, Time: 00:02:01

Health: -1/18      AC:  3    Str:  6 (7)  XL:     3   Next: 51%
Magic:  4/4        EV: 16    Int: 13 (14) God:
Gold:   60         SH:  0    Dex: 14 (16) Spells: 2/2 levels left

rFire   . . .      SeeInvis +   a - +2 dagger
rCold   . . .      Faith    .   (no shield)
rNeg    . . .      Spirit   .   b - +0 robe
rPois   .          Reflect  .   (helmet restricted)
rElec   .          Harm     .   c - +0 cloak
rCorr   .          Rampage  .   (gloves unavailable)
Will    .....                   (boots unavailable)
Stlth   +++.......              (no amulet)
HPRegen 0.06/turn               (no ring)
MPRegen 0.09/turn               (no ring)

@: brilliant, very quick
A: very small, no large weapons, unfitting armour, see invisible, speed 3
a: no special abilities


You were on level 2 of the Dungeon.
You visited 1 branch of the dungeon, and saw 2 of its levels.

You collected 60 gold pieces.

Inventory:

Hand Weapons
 a - a +2 dagger (weapon)
Missiles
 d - 6 poisoned darts (quivered)
 e - 3 curare-tipped darts
Armour
 b - a +0 robe (worn)
 c - a +0 cloak (worn)
Scrolls
 j - 2 scrolls of fear {unknown}
 k - a scroll of enchant weapon {unknown}


   Skills:
 + Level 1.8 Fighting
 + Level 2.7 Short Blades
 + Level 2.2 Throwing
 + Level 1.7 Dodging
 + Level 7.1 Stealth


You had 2 spell levels left.
You didn't know any spells.
Your spell library was empty.

Dungeon Overview and Level Annotations

Branches:
Dungeon (2/15)

Altars:

Annotations:
D:2 Jessica


Innate Abilities, Weirdness & Mutations

You are very small and have problems with some larger weapons.
You are too small for most types of armour.
You have supernaturally acute eyesight. (SInv)
You cover ground extremely quickly. (Speed+++)


Message History

Jessica gestures at you while chanting. Pain shoots through your body!
Ouch! That really hurt!
* * * LOW HITPOINT WARNING * * *
You aren't carrying any items that you can evoke.
It was a potion of resistance.
You feel protected.
Jessica mumbles some strange words.
Jessica blinks!
It was a potion of cancellation.
Your magical effects are unravelling.
You feel magically purged.
Your resistance to elements expires.
Jessica zaps a wand.
You resist with some effort.
It was a potion of brilliance.
You feel clever all of a sudden. Jessica casts a spell at you.
You easily resist.
Throw: 8 darts (poison)
Press: ? - help, Q - select action, (/) - cycle Shift-Dir - straight line, f - Jessica
Aim: Jessica, wielding a +0 dagger, wearing a +2 robe of willpower and carrying a wand of polymorph (11) (60% to hit)
You throw a poisoned dart. The poisoned dart hits Jessica.
Jessica is poisoned.
Unknown command.
It was a potion of degeneration.
There was something very wrong with that liquid.
You feel weakened.
You feel dopey.
You feel clumsy.
Jessica points at you and mumbles some strange words.
Pain shoots through your body!
* * * LOW HITPOINT WARNING * * *
You are too injured to fight recklessly!
You are too injured to fight recklessly!
You are too injured to fight recklessly!
Throw: 7 darts (poison)
Press: ? - help, Q - select action, (/) - cycle Shift-Dir - straight line, f/p - Jessica
Aim: Jessica, wielding a +0 dagger, wearing a +2 robe of willpower and carrying a wand of polymorph (11) (poisoned, 59% to hit)
You throw a poisoned dart. The poisoned dart hits Jessica.
Jessica looks even sicker.
Jessica gestures at you while chanting. Pain shoots through your body!
You die...

####### ########## #.....#
..<......# #.....# ##########
.........# #.....####......##.
.........# #........#......##.
.........######.@......#......##.
.......).........................
..>......#.#####.......#......##.
.........#.##.##@....###.###.....
#######.......##.#....##.# #.#.##
###.###.##.............#..# ###
#.......###########.# #......#.#
......... #........#.# ..####...
#.........# # #... ##......###
#... #......# .....


You could see Jessica (very poisoned).

Vanquished Creatures
  A gnoll (D:1)
  An adder (D:2)
  9 endoplasms
  A giant cockroach (D:1)
  A goblin (D:1)
  2 hobgoblins
  2 quokkas (D:1)
  2 ball pythons (D:1)
  A frilled lizard (D:1)
  2 kobolds (D:1)
  5 rats
27 creatures vanquished.

Notes
Turn   | Place    | Note
-------+----------+-------------------------------------------
     0 | D:1      | zeram the Spriggan Brigand began the quest for the Orb.
     0 | D:1      | Reached XP level 1. HP: 10/10 MP: 2/2
    32 | D:1      | Reached skill level 6 in Stealth
    74 | D:1      | Reached XP level 2. HP: 7/14 MP: 3/3
   735 | D:1      | Reached XP level 3. HP: 5/18 MP: 4/4
  1323 | D:2      | Reached skill level 7 in Stealth
  1483 | D:2      | Noticed Jessica
  1496 | D:2      | Killed from afar by Jessica

Illustrated notes

Levels and vault maps discovered:
D:1:      dpeg_arrival_another_circle, layout_basic, grunt_decor_junction
D:2:      minmay_recursive_quarters, layout_basic,
          dreamdust_ecumenical_altar_hidden_monk_grotto, serial_glass,
          glass_columns_a, glass_columns_a, fountainhead, uniq_jessica

Skill      XL: |  1  2  3 |
---------------+----------+-----
Stealth        | 6 7 |  7.1
Fighting       | |  1.8
Short Blades   | |  2.7
Throwing       | |  2.2
Dodging        | |  1.7

Action                   || total
-------------------------++-------
Melee: Dagger            ||    92
Throw: Dart              ||     7
  Use: Scroll            ||     1
       Potion            ||     4
 Stab: Sleeping          ||     8
Armor: Robe              ||     9
Dodge: Dodged            ||    46
